 Dungeon Crawl Stone Soup version 0.31-a0-210-gccc998df9b (webtiles) character file.

Game seed: 10316908889638601250

540 night the Cutter (level 7, -10/37 HPs)
             Began as a Vine Stalker Fighter on June 30, 2023.
             Mangled by an ogre
             ... wielding a +0 giant club
              (20 damage)
             ... on level 5 of the Dungeon.
             The game lasted 00:08:13 (2736 turns).

night the Cutter (Vine Stalker Fighter)             Turns: 2736, Time: 00:08:13

Health: -10/37     AC:  8    Str: 21    XL:     7   Next: 26%
Magic:  0/9        EV:  9    Int:  8    God:
Gold:   1335       SH:  5    Dex: 13    Spells: 6/6 levels left

rFire   . . .        k - +1 dagger (venom)
rCold   . . .        c - +0 buckler
rNeg    . . .        b - +0 scale mail
rPois   .            (no helmet)
rElec   .            p - +0 cloak
rCorr   .            (no gloves)
SInv    .            (no boots)
Will    .....        (no amulet) Stlth
                     (no ring)
HPRegen 1.06/turn    (no ring)
MPRegen 0.11/turn

%: guardian spirit
@: no status effects
A: fangs 2, regeneration 1, magic shield, antimagic bite, no potion heal 2
a: no special abilities


You were on level 5 of the Dungeon.
You visited 1 branch of the dungeon, and saw 5 of its levels.
You also visited: Sewer.

You collected 1335 gold pieces.

Inventory:

Hand Weapons
 a - a +0 rapier
 k - a +1 dagger of venom (weapon)
 r - a +0 dagger of speed
Missiles
 g - 21 poisoned darts
 i - 6 boomerangs
 j - 38 stones
 q - a curare-tipped dart
 v - 2 datura-tipped darts
Armour
 b - a +0 scale mail (worn)
 c - a +0 buckler (worn)
 p - a +0 cloak (worn)
Jewellery
 f - a ring of protection from fire
 u - a ring of fire
Scrolls
 t - 2 scrolls of identify
Potions
 d - 3 potions of might
 e - 5 potions of curing
 h - 3 potions of mutation {unknown}
 l - a potion of magic {unknown}
 m - 4 potions of haste {unknown}
 n - 2 potions of heal wounds {unknown}
 o - a potion of lignification {unknown}
 s - a potion of invisibility {unknown}


   Skills:
 + Level 3.8 Fighting
 * Level 4.3 Short Blades
 + Level 3.4 Armour
 + Level 3.9 Shields
 + Level 2.5 Invocations


You had 6 spell levels left.
You didn't know any spells.
Your spell library contained the following spells:

 Spells                   Type           Power      Damage    Failure   Level
 Kiss of Death            Conj/Necr      0%         2d5       82%         1
 Blink                    Tloc           0%         N/A       91%         2
 Lesser Beckoning         Tloc           0%         N/A       91%         2
 Momentum Strike          Conj/Tloc      0%         3d8       91%         2
 Confusing Touch          Hex            0%         N/A       99%         3
 Dispel Undead            Necr           0%         3d6       100%        4


Dungeon Overview and Level Annotations

Branches:
Dungeon (6/15)             Temple (0/1) D:5           Sewer (visited)

Altars:


Innate Abilities, Weirdness & Mutations

You have extremely sharp teeth.
Your natural rate of healing is unusually fast.
When hurt, damage is shared between your health and your magic reserves.
Your bite disrupts and absorbs the magic of your enemies.
Potions cannot restore your health.


Message History

There is a dry fountain here.
g - 21 poisoned darts (gained 6)
You now have 1335 gold pieces (gained 10).
You see here a +0 dagger of pain.
Things that are here:
a +0 hand axe; a +0 mace; a +0 morningstar
Things that are here:
a +0 leather armour; a +0 dagger
i - 5 boomerangs (gained 1)
Things that are here:
a +0 leather armour; a +0 hand axe
i - 6 boomerangs (gained 1)
You see here a +0 short sword.
An ogre comes into view. It is wielding a +0 giant club.
The ogre shouts!
You aren't carrying any items that you can evoke.
You hit the ogre. You bite the ogre. You drain its power.
The ogre is lightly wounded.
The ogre hits you with a +0 giant club!!
Ouch! That really hurt!
You barely miss the ogre.
The ogre is lightly wounded.
You hit the ogre.
The ogre is moderately wounded.
The ogre hits you with a +0 giant club!
* * * LOW HITPOINT WARNING * * *
You closely miss the ogre. You bite the ogre. You drain its power.
You feel invigorated.
The ogre is moderately wounded.
You barely miss the ogre.
The ogre is moderately wounded.
You block the ogre's attack.
You hit the ogre.
The ogre is poisoned.
You bite the ogre. You drain its power.
You feel invigorated.
The ogre is heavily wounded.
You hit the ogre. You bite the ogre. You drain its power.
The ogre is almost dead.
The ogre hits you with a +0 giant club!!
Ouch! That really hurt!
You die...

#.# #######.#
..# #.# ***
#.# #.# #.##
#..# #..#
******* #..#
,,,,,,* ##@#
*****,* #O#
*,* #.# *,*
#.#
*,***********
#.#
*,**,,,,,,,,*
#.#
*,**,******,*
#.# *,,,,*
*,* #.#
####****,*
*,* *,*


You could see an ogre (very poisoned).

Vanquished Creatures
  A centaur (D:5)
  A kobold brigand (Sewer)
  2 orc priests (D:5)
  Crazy Yiuf (D:2)
  An iguana (D:5)
  2 orc wizards (D:5)
  7 adders
  6 river rats (Sewer)
  An ufetubus (D:5)
  2 worms
  A dart slug (D:1)
  11 orcs (D:5)
  9 ball pythons
  4 endoplasms
  4 giant cockroaches
  4 goblins
  2 hobgoblins
  A quokka (D:2)
  4 bats
  8 frilled lizards
  24 kobolds
  19 rats
115 creatures vanquished.

Notes
Turn   | Place    | Note
-------+----------+-------------------------------------------
     0 | D:1      | night the Vine Stalker Fighter began the quest for the Orb.
     0 | D:1      | Reached XP level 1. HP: 11/11 MP: 2/2
   154 | D:1      | Reached skill level 2 in Short Blades
   198 | D:1      | Reached XP level 2. HP: 16/16 MP: 3/3
   875 | D:2      | Reached XP level 3. HP: 19/19 MP: 4/4
  1175 | D:2      | Gained mutation: Your natural rate of healing is unusually
                  | fast. [Vine Stalker growth]
  1175 | D:2      | Reached XP level 4. HP: 24/24 MP: 5/5
  1395 | D:2      | Found a runed translucent door.
  1396 | D:2      | Noticed Crazy Yiuf
  1404 | D:2      | Killed Crazy Yiuf
  1405 | D:2      | Reached skill level 1 in Invocations
  1474 | D:3      | Reached skill level 3 in Short Blades
  1547 | D:3      | You fall into a shaft and drop 3 floors!
  1580 | D:6      | Noticed an ogre
  1590 | D:5      | Entered Level 5 of the Dungeon
  1597 | D:5      | Reached XP level 5. HP: 28/28 MP: 5/7
  1598 | D:5      | Identified a scroll of acquirement
  1598 | D:5      | Acquired 1128 gold pieces
  1736 | D:5      | Found a glowing drain.
  1746 | Sewer    | Entered a sewer
  1771 | Sewer    | Reached XP level 6. HP: 29/32 MP: 8/8
  1787 | Sewer    | Reached skill level 2 in Invocations
  2138 | Sewer    | Reached skill level 4 in Short Blades
  2376 | D:5      | Found a staircase to the Ecumenical Temple.
  2481 | D:5      | Reached XP level 7. HP: 37/37 MP: 9/9
  2736 | D:5      | Mangled by an ogre

Illustrated notes

Levels and vault maps discovered:
D:1:      tarquinn_simple_flora_water_e, layout_loops_cross,
          minmay_misc_feat_chi, minmay_lizard_pond
D:2:      layout_basic, uniq_crazy_yiuf_cottage
D:3:      layout_basic, minmay_distorted
D:5:      layout_loops_ring, minmay_temple_entry_junction,
          nicolae_ossuary_entry_monument, portal_sewer_entry_e
D:6:      layout_basic, lemuel_crystal_altar, mainiacjoe_overflow_two_lobes

Skill      XL: |  1  2  3  4  5  6 |
---------------+-------------------+-----
Short Blades   | 2 3 4 |  4.3
Shields        | 3 |  3.9
Fighting       | 3 |  3.8
Invocations    | 1 2 |  2.5
Armour         | 3 |  3.4

Action                     |  1- 3 |  4- 6 |  7- 9 || total
---------------------------+-------+-------+-------++-------
  Melee: Rapier            |    47 |       |       ||    47
         Bite              |    28 |    59 |    11 ||    98
         Dagger            |    40 |   217 |    21 ||   278
    Use: Scroll            |       |     5 |       ||     5
 Armour: Scale mail        |    28 |    96 |     7 ||   131
  Dodge: Dodged            |    19 |   111 |    11 ||   141
  Block: Buckler           |    10 |    56 |     4 ||    70

Table legend: (Time is in decaauts)
 A = Elapsed time spent in this place.
 B = Non-inter-level travel time spent in this place.
 C = Inter-level travel time spent in this place.
 D = Time resting spent in this place.
 E = Time spent auto-exploring this place.
 F = Levels seen in this place.
 G = Mean time per level.
                   A        B        C        D        E       F      G
               +--------+--------+--------+--------+--------+-----+--------+
         Total |   2718 |   2540 |    178 |     55 |   1765 |   6 |  453.0 |
       Dungeon |   2149 |   1971 |    178 |     55 |   1423 |   5 |  429.8 |
         Sewer |    568 |    568 |      0 |      0 |    342 |   1 |  568.0 |
               +--------+--------+--------+--------+--------+-----+--------+

Top non-repeatable levels by time:
     D:1: 764 daAuts
     D:2: 703 daAuts
   Sewer: 568 daAuts
     D:5: 560 daAuts
     D:3: 79 daAuts
     D:6: 42 daAuts
